 Dungeon Crawl Stone Soup version 0.28-a0-804-g60983d4ba9 (webtiles) character file.

Game seed: 3402736112945219935

775 croobank the Insei (level 7, -1/44 HPs)
             Began as an Octopode Transmuter on Nov 8, 2021.
             Was an Initiate of Cheibriados.
             Slain by a gnoll (8 damage)
             ... on level 5 of the Dungeon.
             The game lasted 00:37:18 (6336 turns).

croobank the Insei (Octopode Transmuter)            Turns: 6336, Time: 00:37:18

Health: -1/44      AC:  1    Str: 13    XL:     7   Next: 84%
Magic:  8/10       EV: 14    Int: 16    God:    Cheibriados [......]
Gold:   109        SH:  0    Dex: 13    Spells: 2/10 levels left

rFire   . . .      SeeInvis .     - Unarmed
rCold   . . .      Faith    .   (no shield)
rNeg    . . .      Spirit   .   (helmet restricted)
rPois   .          Reflect  .   (no amulet)
rElec   .          Harm     .   (no ring)
rCorr   .          Rampage  .   (no ring)
Will    .....                   (no ring)
Stlth   ++++......              (no ring)
HPRegen 0.14/turn               (no ring)
MPRegen 0.12/turn               (no ring)
                                (no ring)
                                (no ring)

@: wereblooded, studying Necromancy, very slow
A: almost no armour, amphibious, 8 rings, camouflage 1, gelatinous body 1,
(nimble swimmer 1), tentacles
a: Renounce Religion, Bend Time


You were on level 5 of the Dungeon.
You worshipped Cheibriados.
Cheibriados was noncommittal.
You visited 2 branches of the dungeon, and saw 6 of its levels.

You collected 137 gold pieces.
You spent 28 gold pieces at shops.

Inventory:

Hand Weapons
 b - a +2 flail of holy wrath
 c - a +0 short sword
 i - a +4 quarterstaff of chaos
 k - a +0 long sword
 l - a +0 scythe
Missiles
 d - 196 stones
 e - 20 arrows
 g - 39 bolts
 h - 19 poisoned darts
 j - 6 javelins
 s - a throwing net (quivered)
Wands
 t - a wand of paralysis (9)
Scrolls
 m - a scroll of magic mapping {unknown}
 p - a scroll of torment
 q - a scroll of amnesia
 r - a scroll of identify
Potions
 a - a potion of lignification
 f - a potion of curing
 n - a potion of flight
 o - a potion of cancellation


   Skills:
 + Level 1.9 Fighting
 + Level 0.1 Throwing
 + Level 3.4 Dodging
 + Level 5.6 Stealth
 + Level 6.7 Unarmed Combat
 + Level 2.4 Spellcasting
 + Level 2.5 Transmutations
 + Level 0.2 Evocations


You had 2 spell levels left.
You knew the following spells:

 Your Spells              Type           Power      Damage    Failure   Level
a - Beastly Appendage     Tmut           18%        N/A       7%          1
b - Wereblood             Tmut           9%         N/A       11%         2
c - Spider Form           Tmut/Pois      6%         N/A       34%         3
d - Static Discharge      Conj/Air       1%         N/A       30%         2

Your spell library contained the following spells:

 Spells                   Type           Power      Damage    Failure   Level
 Ignite Poison            Fire/Tmut/Pois 4%         N/A       38%         3
 Conjure Flame            Conj/Fire      1%         6-21      52%         3
 Ice Form                 Ice/Tmut       5%         N/A       75%         4
 Sticky Flame             Conj/Fire      1%         2d3       89%         4
 Lightning Bolt           Conj/Air       0%         1d11      99%         5
 Maxwell's Capacitive Co  Air            0%         ∞         100%        8


Dungeon Overview and Level Annotations

Branches:
Dungeon (5/15)             Temple (1/1) D:4

Altars:
Cheibriados
Dithmenos
Elyvilon
Gozag
Kikubaaqudgha
Makhleb
Nemelex Xobeh
Okawaru
Qazlal
Ru
Sif Muna
Trog
Uskayaw
Vehumet
Wu Jian
Xom
Zin
The Shining One

Shops:
D:4 (*(

Annotations:
D:5 1 runed translucent door, cheechan's ghost, novice OpHu


Innate Abilities, Weirdness & Mutations

You cannot wear most types of armour.
You are amphibious.
You can wear up to eight rings at the same time.
Your skin changes colour to match your surroundings (Stealth+).
Your rubbery body absorbs attacks. (AC +1, EV +1)
((You are camouflaged near water. (Stealth+)))
You have tentacles for arms and can constrict up to eight enemies at once.


Message History

You constrict the necrophage. The necrophage barely misses you.
You tentacle-slap the necrophage. You squeeze the necrophage.
You destroy the necrophage!
Cheibriados appreciates the change of pace.
Found a runed translucent door.
Found a scroll labelled VURA JELIHEER and a trident.
Press: ? - help, v - describe, . - travel, g - get item
Here: cheechan's ghost (dormant, fire blocked by a translucent stone wall) Item here: a trident.
Some shallow water.
Found a stone staircase leading down. 2 gnolls come into view.
A gnoll comes into view. It is wielding a +0 club.
A gnoll and a gnoll shaman come into view.
The gnoll shouts!
The gnoll shaman moves out of view.
Casting: Wereblood (safe; 11% risk of failure)
Confirm with . or Enter, or press ? or * to list all spells.
Your blood is infused with primal strength.
The gnoll hits you from afar with a +3 spear!
The gnoll barely misses you. The gnoll hits you with a +3 spear!
The gnoll barely misses you.
You tentacle-slap the gnoll. Your grab misses the gnoll.
The gnoll is moderately wounded.
The gnoll misses you. x2
You barely miss the gnoll. You grab the gnoll.
The gnoll is moderately wounded.
You constrict the gnoll. The gnoll hits you with a +3 spear!
The gnoll closely misses you.
You completely miss the gnoll. Your squeeze misses the gnoll.
The gnoll is heavily wounded.
You constrict the gnoll. The gnoll barely misses you.
The gnoll hits you but does no damage.
You tentacle-slap the gnoll.
The gnoll is severely wounded.
You constrict the gnoll. The gnoll hits you with a +3 spear!
* * * LOW HITPOINT WARNING * * *
You release your grip on the gnoll.
The gnoll hits you from afar with a +3 spear!
You die...

#.# #.# #.# #.# #.#
###### #.#
#....##############
#.##...@gg.........
#.##...............
#.##...............
#.#################
#.# #.# #.#### #.#
#....# #.# #....#
#.# #....# #.#


You could see 2 gnolls.

Vanquished Creatures
  Sigmund (D:3)
  A necrophage (D:5)
  2 ogres (D:4)
  A phantom (D:4)
  Crazy Yiuf (D:2)
  An orc priest (D:4)
  Jessica (D:3)
  An iguana (D:4)
  Terence (D:2)
  2 hound skeletons
  An adder (D:2)
  3 gnolls (D:3)
  An ufetubus (D:4)
  3 worms
  2 dart slugs
  8 orcs
  5 bats
  8 endoplasms
  5 giant cockroaches
  7 goblins
  7 hobgoblins
  3 jackals (D:2)
  4 quokkas
  5 ball pythons
  5 frilled lizards
  6 kobolds
  8 rats
93 creatures vanquished.

Vanquished Creatures (others)
  A fungus (D:2)
1 creature vanquished.

Grand Total: 94 creatures vanquished

Notes
Turn   | Place    | Note
-------+----------+-------------------------------------------
     0 | D:1      | croobank the Octopode Transmuter began the quest for the
                  | Orb.
     0 | D:1      | Reached XP level 1. HP: 13/13 MP: 3/3
   281 | D:1      | Found a faded altar of an unknown god.
   308 | D:1      | Reached XP level 2. HP: 17/18 MP: 5/5
   331 | D:1      | Learned a level 2 spell: Wereblood
   468 | D:1      | Reached skill level 1 in Stealth
   837 | D:1      | Reached XP level 3. HP: 23/23 MP: 6/6
  2115 | D:2      | Noticed Terence
  2155 | D:2      | Killed Terence
  2156 | D:2      | Reached skill level 4 in Unarmed Combat
  2156 | D:2      | Reached XP level 4. HP: 20/28 MP: 4/7
  2588 | D:2      | Found a runed translucent door.
  2589 | D:2      | Noticed Crazy Yiuf
  2594 | D:2      | Learned a level 3 spell: Spider Form
  3202 | D:3      | Noticed Sigmund
  3264 | D:2      | Killed Crazy Yiuf
  3265 | D:2      | Reached XP level 5. HP: 23/33 MP: 6/8
  3382 | D:3      | Killed Sigmund
  3383 | D:3      | Reached skill level 5 in Unarmed Combat
  3383 | D:3      | Reached XP level 6. HP: 38/38 MP: 6/9
  3427 | D:3      | Found an iron altar of Okawaru.
  3427 | D:3      | Found a shimmering blue altar of Sif Muna.
  3427 | D:3      | Found a hide-covered altar of Uskayaw.
  3431 | D:3      | Learned a level 2 spell: Static Discharge
  3498 | D:3      | Found a radiant altar of Vehumet.
  3761 | D:3      | Noticed Jessica
  3769 | D:3      | Killed Jessica
  4245 | D:4      | Found a staircase to the Ecumenical Temple.
  4284 | Temple   | Entered the Ecumenical Temple
  4406 | Temple   | Became a worshipper of Cheibriados the Contemplative
  4593 | D:4      | Found Kuufam's General Store.
  4606 | D:4      | Bought a scroll of identify for 28 gold pieces
  4670 | D:4      | Reached XP level 7. HP: 10/44 MP: 8/10
  4972 | D:4      | Reached skill level 6 in Unarmed Combat
  5233 | D:4      | Found Cubleg's Antique Weapon Emporium.
  5773 | D:4      | Reached skill level 5 in Stealth
  5782 | D:4      | Found Walih's Weapon Shoppe.
  6125 | D:4      | Found a glowing silver altar of Zin.
  6125 | D:4      | Found a glowing golden altar of the Shining One.
  6125 | D:4      | Found a bloodstained altar of Trog.
  6185 | D:5      | Entered Level 5 of the Dungeon
  6229 | D:5      | Found a runed translucent door.
  6230 | D:5      | Noticed cheechan's ghost (novice OpHu)
  6336 | D:5      | Slain by a gnoll

Illustrated notes

Levels and vault maps discovered:
D:1:      dpeg_arrival_morbid_curiosity, layout_basic,
          hellmonk_ecumenical_altar_inner_sanctum
D:2:      layout_basic, uniq_terence, uniq_crazy_yiuf_cottage
D:3:      layout_loops_ring, grunt_temple_overflow_cloverleaf, uniq_sigmund,
          uniq_jessica
D:4:      layout_layer_cave, gammafunk_temple_overflow_claw,
          minmay_temple_entry_waves, serial_shops, nicolae_diamond_shop, shop,
          nicolae_take_the_stairs
D:5:      layout_basic, ebering_ghost_reflecting_pool, serial_co_window_serial,
          co_window_paths_a, co_window_paths_b, co_window_paths_a,
          co_window_of_opportunity_a, co_window_cross_1, co_window_paths_a,
          co_window_broadway_b, co_window_broadway_a, co_window_unsneaky_path_b,
          co_window_corner_b, co_window_cross_4, co_window_4corner_a,
          glass_columns_a, glass_columns_c
Temple:   minmay_temple_curvy_loop

Skill      XL: |  1  2  3  4  5  6  7 |
---------------+----------------------+-----
Stealth        | 1 2 3 4 5 |  5.6
Unarmed Combat | 4 5 6 |  6.7
Dodging        | 3 |  3.4
Fighting       | |  1.9
Throwing       | |  0.1
Spellcasting   | |  2.4
Transmutations | |  2.5
Evocations     | |  0.2

Action                   |  1- 3 |  4- 6 |  7- 9 || total
-------------------------+-------+-------+-------++-------
Melee: Unarmed           |   100 |   104 |    54 ||   258
       Tentacles         |    14 |    18 |    12 ||    44
       Constrict         |    22 |    19 |    12 ||    53
       Punch             |     3 |     1 |     2 ||     6
       Kick              |       |     1 |       ||     1
Throw: Throwing net      |       |     1 |     1 ||     2
       Javelin           |       |     1 |       ||     1
 Cast: Wereblood         |     3 |     3 |     3 ||     9
       Beastly Appendage |       |     1 |       ||     1
Evoke: Wand              |       |       |     4 ||     4
  Use: Scroll            |     4 |     3 |       ||     7
       Potion            |     1 |     2 |       ||     3
 Stab: Sleeping          |     7 |     8 |     3 ||    18
       Paralysed         |       |       |     3 ||     3
Armor: Skin              |     4 |     6 |     2 ||    12
Dodge: Dodged            |    53 |    57 |    24 ||   134

Table legend: (Time is in decaauts)
 A = Elapsed time spent in this place.
 B = Non-inter-level travel time spent in this place.
 C = Inter-level travel time spent in this place.
 D = Time resting spent in this place.
 E = Time spent auto-exploring this place.
 F = Levels seen in this place.
 G = Mean time per level.
                   A        B        C        D        E       F      G
               +--------+--------+--------+--------+--------+-----+--------+
         Total |   6664 |   6430 |    234 |   1209 |   4090 |   6 | 1110.7 |
       Dungeon |   6378 |   6174 |    204 |   1209 |   3848 |   5 | 1275.6 |
        Temple |    286 |    256 |     30 |      0 |    242 |   1 |  286.0 |
               +--------+--------+--------+--------+--------+-----+--------+

Top non-repeatable levels by time:
     D:4: 1950 daAuts
     D:2: 1648 daAuts
     D:1: 1638 daAuts
     D:3: 945 daAuts
  Temple: 286 daAuts
     D:5: 195 daAuts
